 Dungeon Crawl Stone Soup version 0.27.1 (webtiles) character file.

Game seed: 934007142975275160

37 Descartes the Sneak (level 3, -11/17 HPs)
             Began as a Felid Delver on Aug 30, 2021.
             Mangled by an ogre (25 damage)
             ... on level 5 of the Dungeon.
             The game lasted 00:01:58 (180 turns).

Descartes the Sneak (Felid Delver)                   Turns: 180, Time: 00:01:59

Health: -11/17     AC:  1    Str:  9    XL:     3   Next: 21%
Magic:  4/4        EV: 18    Int: 11    God:
Gold:   17         SH:  0    Dex: 17    Spells: 2/2 levels left
                                        Lives:  0   Deaths: 0

rFire    . . .     SeeInvis +     - Unarmed
rCold    . . .     Faith    .   (shield unavailable)
rNeg     . . .     Spirit   .   (armour unavailable)
rPois    .         Reflect  .   (helmet unavailable)
rElec    .         Harm     .   (cloak unavailable)
rCorr    .         Rampage  .   (gloves unavailable)
Will     .....                  (boots unavailable)
Stlth    ++++......             (no amulet)
HPRegen  0.05/turn              (no ring)
MPRegen  0.09/turn              (no ring)

@: quick
A: very small, claws 1, fangs 3, see invisible, speed 1, shaggy fur 1, stealthy
paws, no weapons or thrown items, no armour, multi-lived
a: no special abilities


You were on level 5 of the Dungeon.
You visited 1 branch of the dungeon, and saw 1 of its levels.

You collected 17 gold pieces.

Inventory:

Wands
 e - a wand of digging (3)
Scrolls
 a - a scroll of fog
 c - a scroll of fear
 g - a scroll of enchant weapon {unknown}
Potions
 b - a potion of invisibility {unknown}
 d - a potion of haste
Miscellaneous
 f - a piece from Xom's chessboard (15/15)


   Skills:
 - Level 3.0 Fighting
 + Level 3.5 Dodging
 + Level 7.6 Stealth
 - Level 2.0 Unarmed Combat


You had 2 spell levels left.
You didn't know any spells.
Your spell library was empty.

Dungeon Overview and Level Annotations

Branches:
Dungeon (5/15)
 Temple: D:4-7

Altars:


Innate Abilities, Weirdness & Mutations

You have sharp claws.
You have razor-sharp teeth.
You have supernaturally acute eyesight. (SInv)
You cover ground quickly. (Speed+)
You are covered in fur. (AC +1)
Your paws help you pounce on unaware monsters.
You are incapable of wielding weapons or throwing items.
You cannot wear armour.
You gain extra lives every three experience levels.


Message History

You hear the slow hiss of a very distant avalanche of sand.
As you read the scroll of magic mapping, it crumbles to dust.
You feel aware of your surroundings.
You sensed 1 shop/portal.
An adder comes into view.
You open the door.
There is an open door here.
You close the door.
You see here a +0 robe.
You open the door.
Found a long sword.
Found an escape hatch in the ceiling.
There is an open door here.
Found 17 stones.
An ogre comes into view. It is wielding a +0 giant club.
The ogre barely misses you.
You scratch the ogre.
The ogre is lightly wounded.
The ogre barely misses you.
Found a bubbling orange potion and 18 stones.
Found a scroll labelled ITITOT UTATU.
Found a stone staircase leading down.
Found 12 arrows.
Found a scroll labelled VERRATEYCE.
You see here a bubbling orange potion.
b - a bubbling orange potion A jelly comes into view.
You see here a scroll labelled VERRATEYCE.
g - a scroll labelled VERRATEYCE The helpless jelly fails to defend itself.
You mangle the jelly!!
You kill the jelly!
Your Dodging skill increases to level 3!
You have reached level 2!
You have reached level 3!
Your experience leads to an increase in your attributes!
Increase (S)trength, (I)ntelligence, or (D)exterity?
You feel stronger.
Found a stone staircase leading down.
You hear the slow hiss of an avalanche of sand nearby.
The ogre hits you with a +0 giant club!!
Ouch! That really hurt!
You die...

*,,...........(.........
#.......................
#.......................
#....##......##.........
#....##......##...##...#
#............##+####...#
#............##...##....
#.......O...............
#......@................
#....##########.........
#>..,**,,,,,,**?..###+##
#,,,,,,,,,,,,**####*,,,*
*,,,,,,,,,,,,,*,,,+,,,,*
*,,,,,,,,,,,,,*,,,*,,,,*
*,,,,,,,,,,,,,*,,,*,,,,,
*,,,,,,,,,,,,**,,,**,,,,
*,,,,,,,,,,,,**,,,******


You could see an ogre.

Vanquished Creatures
  A jelly (D:5)
  An ufetubus (D:5)
  A quokka (D:5)
3 creatures vanquished.

Notes
Turn   | Place    | Note
-------+----------+-------------------------------------------
     0 | D:5      | Descartes the Felid Delver began the quest for the Orb.
     0 | D:5      | Reached XP level 1. HP: 10/10 MP: 2/2
   103 | D:5      | Reached skill level 7 in Stealth
   151 | D:5      | Noticed an ogre
   170 | D:5      | Noticed a jelly
   176 | D:5      | Killed a jelly
   177 | D:5      | Reached XP level 2. HP: 11/14 MP: 3/3
   177 | D:5      | Reached XP level 3. HP: 14/17 MP: 4/4
   180 | D:5      | Mangled by an ogre

Illustrated notes

Levels and vault maps discovered:
D:5:      layout_gridville, enter_ossuary_1, hellmonk_bongcloud_opening

Skill      XL: |  1 |
---------------+----+-----
Stealth        | 7 |  7.6
Dodging        | 3 |  3.5
Fighting       | |  3.0
Unarmed Combat | |  2.0

Action                   || total
-------------------------++-------
Melee: Unarmed           ||     8
       Bite              ||     1
  Use: Scroll            ||     1
 Stab: Sleeping          ||     1
Dodge: Dodged            ||    11
